 Dungeon Crawl Stone Soup version 0.30-a0-591-g3c58d2bc28 (webtiles) character file.

Game seed: 5609044855288865666

107 OTABOTABOTAB the Insei (level 4, 0/34 HPs)
             Began as a Gnoll Transmuter on Jan 5, 2023.
             Slain by Robin
             ... wielding a +3 falchion
              (6 damage)
             ... on level 2 of the Dungeon.
             The game lasted 00:02:32 (1512 turns).

OTABOTABOTAB the Insei (Gnoll Transmuter)           Turns: 1512, Time: 00:02:33

Health: 0/34       AC:  2    Str: 11    XL:     4   Next: 86%
Magic:  11/11      EV: 13    Int: 13    God:
Gold:   114        SH:  0    Dex: 12    Spells: 7/13 levels left

rFire   . . .      SeeInvis +    k - +4 dagger
rCold   . . .      Faith    .    (no shield)
rNeg    . . .      Spirit   .    a - +0 robe
rPois   .          Reflect  .    (no helmet)
rElec   .          Harm     .    (no cloak)
rCorr   .          Rampage  .    (no gloves)
Will    .....                    (no boots)
Stlth   ++                       (no amulet)
HPRegen 0.25/turn                V - ring of see invisible {sInv, !d}
MPRegen 0.12/turn                Q - +4 ring of slaying

@: brilliant
A: fangs 1, strong nose, distributed training
a: no special abilities


You were on level 2 of the Dungeon.
You visited 1 branch of the dungeon, and saw 2 of its levels.

You collected 114 gold pieces.

Inventory:

Hand Weapons
 k - a +4 dagger (weapon)
   (You took it off a kobold on level 2 of the Dungeon)
Armour
 a - a +0 robe (worn)
Jewellery
 Q - a +4 ring of slaying (right hand)
   (You found it on level 1 of the Dungeon)
 V - a ring of see invisible (left hand) {sInv, !d}
   (You found it on level 2 of the Dungeon)
Scrolls
 b - a scroll of vulnerability {unknown}
 e - 3 scrolls of teleportation {unknown}
 f - a scroll of immolation {unknown}
 g - a scroll of poison {unknown}
 j - a scroll of identify {unknown}
Potions
 c - a potion of heal wounds {unknown}
 h - a potion of curing {unknown}
 i - a potion of might {unknown}
 P - a potion of lignification {!q}


   Skills:
 + Level 2.8 Fighting
 + Level 1.3 Short Blades
 + Level 1.3 Long Blades
 + Level 1.3 Axes
 + Level 1.3 Maces & Flails
 + Level 1.3 Polearms
 + Level 1.3 Staves
 + Level 1.3 Ranged Weapons
 + Level 1.3 Throwing
 + Level 1.3 Armour
 + Level 4.7 Dodging
 + Level 1.3 Stealth
 + Level 1.3 Shields
 + Level 6.6 Unarmed Combat
 + Level 5.1 Spellcasting
 + Level 1.0 Conjurations
 + Level 1.0 Hexes
 + Level 1.0 Summonings
 + Level 1.0 Necromancy
 + Level 1.0 Translocations
 + Level 3.9 Transmutations
 + Level 1.0 Fire Magic
 + Level 1.0 Ice Magic
 + Level 1.0 Air Magic
 + Level 1.0 Earth Magic
 + Level 1.0 Poison Magic
 + Level 1.4 Invocations
 + Level 1.3 Evocations


You had 7 spell levels left.
You knew the following spells:

 Your Spells              Type           Power      Damage    Failure   Level
a - Beastly Appendage     Tmut           40%        N/A       3%          1
b - Wereblood             Tmut           20%        N/A       5%          2
c - Spider Form           Tmut/Pois      14%        N/A       21%         3

Your spell library contained the following spells:

 Spells                   Type           Power      Damage    Failure   Level
 Ice Form                 Ice/Tmut       14%        N/A       54%         4


Dungeon Overview and Level Annotations

Branches:
Dungeon (2/15)

Altars:
Dithmenos

Annotations:
D:2 Robin


Innate Abilities, Weirdness & Mutations

You have very sharp teeth.
Your uncanny sense of smell can sniff out nearby items.
Your experience applies equally to all skills.


Message History

Your +0 robe melds into your body.
The kobold throws a stone.
The stone completely misses you.
You now have 8/11 mp.
The endoplasm freezes you.
You are frozen.
You take 4 damage, and have 30/34 hp.
You bite the endoplasm!
You kill the endoplasm!
The kobold throws a stone.
The stone completely misses you.
Unknown command.
The kobold throws a stone.
The stone hits you.
You take 1 damage, and have 29/34 hp.
Your transformation is almost over.
You hit the kobold but do no damage.
The kobold is poisoned.
You bite the kobold!
You kill the kobold!
No target in view!
Unknown command.
No target in view!
No target in view!
Your transformation has ended.
Your +0 robe unmelds from your body.
s - 8 stones (quivered);
i - a murky black potion
j - a scroll labelled INWETI FUOKI You now have 114 gold pieces (gained 17).
Things that are here:
a +4 dagger; a +0 robe
k - a +4 dagger (weapon)
V - a ring of see invisible {sInv, !d} Health restored: 34; MP restored: 11
V - a ring of see invisible (left hand) {sInv, !d}
Q - a +4 ring of slaying (right hand)
A bat comes into view.
A bat is nearby!
A bat is nearby!
You throw a stone. The stone hits the bat.
You throw a stone. The stone barely misses the bat.
You puncture the bat!
You kill the bat!
No target in view!
Unknown command.
No target in view!
No target in view!
You see here a bat corpse.
A hobgoblin comes into view.
The hobgoblin shouts!
You throw a stone.
The stone hits the hobgoblin but does no damage.
A hobgoblin is nearby!
You throw a stone. The stone hits the hobgoblin.
A hobgoblin is nearby!
You throw a stone. The stone hits the hobgoblin.
You kill the hobgoblin!
No target in view!
No target in view!
You open the door.
There is an open door here.
You open the door. You open the door.
Robin and 3 goblins come into view.
You throw a stone. The stone completely misses the goblin.
The stone hits the goblin.
Robin shouts!
The goblin shouts!
You hear a shout!
You hit the goblin.
You kill the goblin!
Robin roars a battlecry!
The goblins go into a battle-frenzy!
There are monsters nearby!
You throw a stone. The stone hits the goblin.
You kill the goblin!
A hobgoblin comes into view.
There are monsters nearby!
You throw a stone. The stone barely misses the goblin.
The stone completely misses Robin.
You barely miss the goblin. The goblin misses you.
You barely miss the goblin.
Unknown command.
You hit Robin. The goblin closely misses you.
Robin laughs in a distinctly smug fashion.
You closely miss Robin. You bite Robin. The goblin hits you with a +0 club.
Robin hits you with a +3 falchion! The hobgoblin misses you.
You take 15 damage, and have 19/34 hp.
MASSIVE DAMAGE!!
You are too injured to fight recklessly!
You are too injured to fight recklessly!
You barely miss Robin. The goblin barely misses you. Robin misses you.
The hobgoblin hits you but does no damage.
You puncture Robin! The goblin closely misses you.
Robin hits you with a +3 falchion. The hobgoblin barely misses you.
You take 5 damage, and have 14/34 hp.
You barely miss Robin. The goblin misses you. The hobgoblin hits you.
* * * LOW HITPOINT WARNING * * *
Robin hits you with a +3 falchion.
* * * LOW HITPOINT WARNING * * *
You take 8 damage, and have 6/34 hp.
MASSIVE DAMAGE!!
It was a potion of brilliance.
You feel clever all of a sudden. Robin hits you with a +3 falchion.
You die...

# #.# #...#.#### ########.#
#.# #...#..... †........# #.#
#...#..### .........### #.#
#....).... .........'. ∆...
+......... .........# #.#
#......... .........# #.#
#......... .........#
#.###g###.# #.........
.........# #..)g@'...#
#......... ...###...#
#####g##### #......... ...#
###.# #.# #......... ...#
#.#######'#######.###+###+
...#
#.................###.....
...#
###.........##.....##.#### ...
#########'##.###.##.####
#.........# #........
##########.........####....###


You could see Robin, a hobgoblin (strong) and a goblin (strong).

Vanquished Creatures
  Terence (D:2)
  2 adders (D:2)
  A worm (D:2)
  3 dart slugs
  4 endoplasms
  4 giant cockroaches (D:1)
  5 goblins
  4 hobgoblins
  6 jackals
  4 quokkas
  4 ball pythons
  6 bats
  2 frilled lizards (D:2)
  3 kobolds
  A rat (D:1)
50 creatures vanquished.

Notes
Turn   | Place    | Note
-------+----------+-------------------------------------------
     0 | D:1      | OTABOTABOTAB the Gnoll Transmuter began the quest for the
                  | Orb.
     0 | D:1      | Reached XP level 1. HP: 17/17 MP: 6/6
    41 | D:1      | Reached XP level 2. HP: 23/23 MP: 5/7
   476 | D:1      | Reached skill level 5 in Spellcasting
   476 | D:1      | Reached XP level 3. HP: 28/28 MP: 6/9
   708 | D:2      | Found a shadowy altar of Dithmenos.
   717 | D:2      | Reached skill level 1 in Invocations
   803 | D:2      | Learned a level 2 spell: Wereblood
   807 | D:2      | Learned a level 3 spell: Spider Form
   816 | D:2      | Reached skill level 1 in Short Blades
   816 | D:2      | Reached skill level 1 in Long Blades
   816 | D:2      | Reached skill level 1 in Axes
   816 | D:2      | Reached skill level 1 in Maces & Flails
   816 | D:2      | Reached skill level 1 in Polearms
   816 | D:2      | Reached skill level 1 in Staves
   816 | D:2      | Reached skill level 1 in Ranged Weapons
   816 | D:2      | Reached skill level 1 in Throwing
   816 | D:2      | Reached skill level 1 in Armour
   816 | D:2      | Reached skill level 1 in Stealth
   816 | D:2      | Reached skill level 1 in Shields
   816 | D:2      | Reached skill level 1 in Evocations
  1017 | D:2      | Reached XP level 4. HP: 30/34 MP: 9/11
  1116 | D:2      | Noticed Terence
  1130 | D:2      | Killed Terence
  1131 | D:2      | Reached skill level 1 in Conjurations
  1131 | D:2      | Reached skill level 1 in Hexes
  1131 | D:2      | Reached skill level 1 in Summonings
  1131 | D:2      | Reached skill level 1 in Necromancy
  1131 | D:2      | Reached skill level 1 in Translocations
  1131 | D:2      | Reached skill level 1 in Fire Magic
  1131 | D:2      | Reached skill level 1 in Ice Magic
  1131 | D:2      | Reached skill level 1 in Air Magic
  1131 | D:2      | Reached skill level 1 in Earth Magic
  1131 | D:2      | Reached skill level 1 in Poison Magic
  1500 | D:2      | Noticed Robin
  1511 | D:2      | HP: 6/34 [Robin/+3 falchion (4)]
  1512 | D:2      | Slain by Robin

Illustrated notes

Levels and vault maps discovered:
D:1:      wander_arrival_desolate, layout_rooms
D:2:      layout_basic, basic_altar, minmay_door_square, minmay_strange_pillars,
          hex_intersection, kennysheep_generic_room_7, uniq_robin, uniq_terence

Skill      XL: |  1  2  3  4 |
---------------+-------------+-----
Spellcasting   | 5 |  5.1
Invocations    | 1 |  1.4
Short Blades   | 1 |  1.3
Long Blades    | 1 |  1.3
Axes           | 1 |  1.3
Maces & Flails | 1 |  1.3
Polearms       | 1 |  1.3
Staves         | 1 |  1.3
Ranged Weapons | 1 |  1.3
Throwing       | 1 |  1.3
Armour         | 1 |  1.3
Stealth        | 1 |  1.3
Shields        | 1 |  1.3
Evocations     | 1 |  1.3
Conjurations   | 1 |  1.0
Hexes          | 1 |  1.0
Summonings     | 1 |  1.0
Necromancy     | 1 |  1.0
Translocations | 1 |  1.0
Fire Magic     | 1 |  1.0
Ice Magic      | 1 |  1.0
Air Magic      | 1 |  1.0
Earth Magic    | 1 |  1.0
Poison Magic   | 1 |  1.0
Fighting       | |  2.8
Dodging        | |  4.7
Unarmed Combat | |  6.6
Transmutations | |  3.9

Action                   |  1- 3 |  4- 6 || total
-------------------------+-------+-------++-------
Melee: Unarmed           |    76 |    36 ||   112
       Headbutt          |     9 |     5 ||    14
       Bite              |     6 |     4 ||    10
       Kick              |    12 |     5 ||    17
       Punch             |     3 |       ||     3
       Dagger            |       |     9 ||     9
Throw: Stone             |       |     8 ||     8
 Cast: Beastly Appendage |    22 |     2 ||    24
       Spider Form       |       |     2 ||     2
 Abil: End Transformatio |    17 |     2 ||    19
  Use: Potion            |       |     1 ||     1
 Stab: Sleeping          |       |     1 ||     1
Armor: Robe              |    19 |     4 ||    23
Dodge: Dodged            |    46 |    26 ||    72

Table legend: (Time is in decaauts)
 A = Elapsed time spent in this place.
 B = Non-inter-level travel time spent in this place.
 C = Inter-level travel time spent in this place.
 D = Time resting spent in this place.
 E = Time spent auto-exploring this place.
 F = Levels seen in this place.
 G = Mean time per level.
                   A        B        C        D        E       F      G
               +--------+--------+--------+--------+--------+-----+--------+
         Total |   1496 |   1466 |     30 |    185 |    961 |   2 |  748.0 |
       Dungeon |   1496 |   1466 |     30 |    185 |    961 |   2 |  748.0 |
               +--------+--------+--------+--------+--------+-----+--------+

Top non-repeatable levels by time:
     D:2: 794 daAuts
     D:1: 701 daAuts

Table legend:
 A = Kills in this place as a percentage of kills in entire the game.
 B = Kills by you in this place as a percentage of kills by you in the entire game.
 C = Kills by friends in this place as a percentage of kills by friends in the entire game.
 D = Other kills in this place as a percentage of other kills in the entire game.
 E = Experience gained in this place as a percentage of experience gained in the entire game.
 F = Experience gained in this place divided by the number of levels of this place that you have seen.
                   A       B       C       D       E      F
               +-------+-------+-------+-------+-------+----------------------
         Total | 100.0 | 100.0 |   N/A |   N/A | 100.0 |  77.0
       Dungeon | 100.0 | 100.0 |   N/A |   N/A | 100.0 |  77.0
               +-------+-------+-------+-------+-------+----------------------
